 Dungeon Crawl Stone Soup version 0.26.1-11-gd32895ea62 (webtiles) character file.

Game seed: 7411432251797307041

42 Descartes the Sneak (level 3, -1/15 HPs)
             Began as a Felid Transmuter on May 29, 2021.
             Slain by an adder (4 damage)
             ... on level 4 of the Dungeon.
             The game lasted 00:02:25 (1849 turns).

Descartes the Sneak (Felid Transmuter)              Turns: 1849, Time: 00:02:25

Health: -1/15      AC:  1    Str:  7    XL:     3   Next: 35%
Magic:  7/7        EV: 18    Int: 14    God:
Gold:   151        SH:  0    Dex: 16    Spells: 5/6 levels left
                                        Lives:  0   Deaths: 0

rFire    . . .     SeeInvis +     - Unarmed
rCold    . . .     Faith    .   (shield unavailable)
rNeg     . . .     Spirit   .   (armour unavailable)
rPois    .         Reflect  .   (helmet unavailable)
rElec    .         Harm     .   (cloak unavailable)
rCorr    .         Rampage  .   (gloves unavailable)
Will     .....                  (boots unavailable)
Stlth    ++........             (no amulet)
HPRegen  0.05/turn              (no ring)
MPRegen  0.10/turn              (no ring)

@: glowing, quick
A: very small, no armour, no weapons or thrown items, stealth, claws 1, fangs 3,
see invisible, speed 1, shaggy fur 1, sharp paws
a: no special abilities


You were on level 4 of the Dungeon.
You visited 1 branch of the dungeon, and saw 3 of its levels.

You collected 151 gold pieces.

Inventory:

Jewellery
 d - a +6 ring of intelligence {unknown}
Scrolls
 a - a scroll of amnesia {unknown}
 e - a scroll of teleportation {unknown}
 h - a scroll of enchant armour {unknown}
 i - a scroll of remove curse {unknown}
Potions
 b - a potion of berserk rage {unknown}
 c - a potion of attraction {unknown}
 f - a potion of curing {unknown}
 g - a potion of flight {unknown}
 j - a potion of cancellation {unknown}


   Skills:
 - Level 1.0 Fighting
 + Level 3.0 Dodging
 + Level 4.0 Stealth
 + Level 3.1 Unarmed Combat
 - Level 2.0 Spellcasting
 - Level 2.1 Transmutations


You had 5 spell levels left.
You knew the following spells:

 Your Spells              Type           Power        Failure   Level
a - Beastly Appendage     Tmut           14%          10%         1

Your spell library contained the following spells:

 Spells                   Type           Power        Failure   Level
 Wereblood                Tmut           7%           14%         2
 Spider Form              Tmut/Pois      2%           41%         3
 Ice Form                 Ice/Tmut       4%           83%         4
 Blade Hands              Tmut           3%           95%         5


Dungeon Overview and Level Annotations

Branches:
Dungeon (2/15)             Temple (0/1) D:4

Altars:
Okawaru
Ru


Innate Abilities, Weirdness & Mutations

You cannot wear armour.
You are incapable of wielding weapons or throwing items.
Your paws allow you to move quietly. (Stealth)
You have sharp claws.
You have razor-sharp teeth.
You have supernaturally acute eyesight. (SInv)
You cover ground quickly.
You are covered in fur. (AC +1)
Your sharp claws are effective at attacking unaware monsters.


Message History

The adder hisses angrily.
Your horns disappear.
The gnoll shaman mumbles some strange prayers to its god against you.
You are outlined in light.
Found 11 gold pieces.
Found a staircase to the Ecumenical Temple.
Found 9 gold pieces.
The orc shouts!
The adder bites you but does no damage. The adder closely misses you.
Found 25 arrows.
The orc hits you with a cursed -2 flail!
* * * LOW HITPOINT WARNING * * *
The adder barely misses you.
The gnoll shaman calls upon its god to speed up the gnoll.
The gnoll seems to speed up.
Found a stone staircase leading up.
You see here 25 arrows.
The adder bites you.
You die...

.$.......## .......
#......g..#####....
$.##....g..........
. +...gg.####....
#......##
.##.......#
.......o#.#
...##+#S#.## #...
#.@....# ###
#...##.## #<....+
..# ###...# .#
#...# .# ....# #
.....# ......#


You could see a gnoll shaman, a gnoll, an adder and an orc.

Vanquished Creatures
  An adder (D:2)
  2 leopard geckos
  2 giant cockroaches
  6 goblins
  3 jackals (D:1)
  8 bats
  2 frilled lizards (D:1)
  A kobold (D:1)
  5 rats
30 creatures vanquished.

Notes
Turn   | Place    | Note
-------+----------+-------------------------------------------
     0 | D:1      | Descartes the Felid Transmuter began the quest for the Orb.
     0 | D:1      | Reached XP level 1. HP: 9/9 MP: 4/4
    57 | D:1      | Reached skill level 1 in Stealth
   198 | D:1      | Reached skill level 2 in Stealth
   248 | D:1      | Reached XP level 2. HP: 12/12 MP: 4/6
   509 | D:1      | Reached skill level 3 in Stealth
  1132 | D:2      | Found a sacrificial altar of Ru.
  1296 | D:2      | Found an iron altar of Okawaru.
  1431 | D:2      | Found a faded altar of an unknown god.
  1488 | D:2      | Reached XP level 3. HP: 11/15 MP: 5/7
  1737 | D:2      | Reached skill level 4 in Stealth
  1791 | D:2      | You fall into a shaft and drop 2 floors!
  1835 | D:4      | Found a staircase to the Ecumenical Temple.
  1849 | D:4      | Slain by an adder

Illustrated notes

Levels and vault maps discovered:
D:1:      erik_arrival_triangle_small, layout_loops_cross,
          chequers_serial_rivers_small_3, hangedman_decor_opposing
D:2:      layout_loops_ring, hangedman_ru_absence,
          lemuel_coloured_pillars_altar, chequers_ecumenical_altar_simple_redux,
          okawaru_metal_pillars_1_2
D:4:      layout_basic, lemuel_crystal_altar, minmay_temple_entry_trees

Skill      XL: |  1  2  3 |
---------------+----------+-----
Stealth        | 2 3 4 |  4.0
Dodging        | 3 |  3.0
Fighting       | |  1.0
Unarmed Combat | |  3.1
Spellcasting   | |  2.0
Transmutations | |  2.1

Action                   || total
-------------------------++-------
Melee: Unarmed           ||    72
       Headbutt          ||     5
       Bite              ||     5
       Punch             ||     1
 Cast: Beastly Appendage ||    26
 Stab: Sleeping          ||     9
Armor: Skin              ||     4
Dodge: Dodged            ||    68
